 Dungeon Crawl Stone Soup version 0.31-a0-1616-gbeaec30b81 (webtiles) character file.

Game seed: 3735122668410987764

80115 shadizar the Warrior (level 15, -8/107 HPs)
             Began as a Gargoyle Fighter on Jan 10, 2024.
             Was a Priest of Okawaru.
             Mangled by a sphinx (16 damage)
             ... summoned by Kirke
             ... on level 13 of the Dungeon.
             The game lasted 00:53:17 (24273 turns).

shadizar the Warrior (Gargoyle Fighter)            Turns: 24273, Time: 00:53:18

Health: -8/107     AC:  0    Str: 27    XL:     15   Next: 65%
Magic:  0/15       EV: 17    Int:  9    God:    Okawaru [***...]
Gold:   2920       SH:  0    Dex:  7    Spells: 14/14 levels left

rFire   . . .        c - melded +6 morningstar
rCold   . . .        p - melded +2 tower shield
rNeg    + . .        N - melded +2 plate armour {rPois}
rPois   ∞            G - melded +0 hat of the Giraffatuar {rF+}
rElec   .            v - melded +0 cloak
rCorr   .            l - melded +0 pair of gloves
SInv    +            f - melded +0 pair of boots
Will    +....        F - amulet of Hoyrghero {Spirit Slay+5 SInv}
Stlth   ++           b - melded ring of Xumaz {Fly rC+ MP+9 Str+3}
HPRegen 0.37/turn    e - melded +4 ring of slaying
MPRegen 0.14/turn

%: guardian spirit
@: pig-form, heroic, slowed
A: fast, no casting, sickness immunity, AC +11, small, (big wings), negative
energy resistance 1, (electricity resistance), torment resistance 1,
petrification resistance, clumsy 1, teleportitis 1
a: Renounce Religion, Heroism


You were on level 13 of the Dungeon.
You worshipped Okawaru.
Okawaru was most pleased with you.
You were a filthy swine.
You visited 4 branches of the dungeon, and saw 21 of its levels.
You also visited: Ossuary and Gauntlet.

You collected 2974 gold pieces.
You spent 54 gold pieces at shops.

Inventory:

Hand Weapons
 c - a +6 morningstar (melded)
 k - the +9 scimitar of Discord {venom, Str+5 Int+2}
   (You found it on level 5 of the Lair of Beasts)

   Str+5:     It affects your strength (+5).
   Int+2:     It affects your intelligence (+2).
 J - the +7 dagger "Qahifr Aculo" {spect, rF- Str+3 Dex+2}
   (You found it on level 10 of the Dungeon)

   Str+3:     It affects your strength (+3).
   Dex+2:     It affects your dexterity (+2).
   rF-:       It makes you vulnerable to fire.
 S - the +8 longbow "Zephyr" {speed, Dex+3 SInv}
   (You found it in a Gauntlet)

   Dex+3:     It affects your dexterity (+3).
   SInv:      It lets you see invisible.
Armour
 f - a +0 pair of boots (melded)
 l - a +0 pair of gloves (melded)
 p - a +2 tower shield (melded)
 v - a +0 cloak (melded)
 C - a +3 scale mail of willpower
 G - the +0 hat of the Giraffatuar (melded) {rF+}
   (You found it in a Gauntlet)

   rF+:       It protects you from fire.
 H - +0 fire dragon scales
 N - a +2 plate armour of poison resistance (melded)
Jewellery
 b - the ring of Xumaz (melded) {Fly rC+ MP+9 Str+3}
   (You acquired it on level 4 of the Dungeon)

   [ring of magical power]

   Str+3:     It affects your strength (+3).
   rC+:       It protects you from cold.
   MP+9:      It affects your magic capacity (+9).
   Fly:       It grants you flight.
 d - a +6 ring of intelligence
 e - a +4 ring of slaying (melded)
 j - a ring of positive energy
 n - a +6 ring of strength
 u - a +6 ring of dexterity
 D - a +5 ring of evasion
 F - the amulet of Hoyrghero (around neck) {Spirit Slay+5 SInv}
   (You found it in a Gauntlet)

   [amulet of guardian spirit]

   Spirit:    It causes incoming damage to be divided between your reserves of
   health and magic.
   Slay+5:    It affects your accuracy & damage with ranged weapons and melee
   (+5).
   SInv:      It lets you see invisible.
 K - the brooch of Shielding {Spirit SH+8}
   (You found it in a Gauntlet)

   [amulet of guardian spirit]

   Spirit:    It causes incoming damage to be divided between your reserves of
   health and magic.
   SH+8:      It affects your SH (+8).
 L - a +4 ring of slaying
 M - a ring of ice
 P - the amulet of Dac Pecaco {Harm *Corrode Regen+ Dex+3}
   (You found it in a Gauntlet)

   [amulet of regeneration]

   Dex+3:     It affects your dexterity (+3).
   Regen+:    It increases your rate of health regeneration.
   *Corrode:  It may corrode you when you take damage.
   Harm:      It increases damage dealt and taken.
Wands
 m - a wand of polymorph (10)
 r - a wand of flame (57)
 w - a wand of mindburst (8)
 x - a wand of roots (20)
 y - a wand of paralysis (17)
 z - a wand of light (3)
Scrolls
 a - a scroll of identify
 h - 2 scrolls of fog
 i - 4 scrolls of teleportation
 t - 4 scrolls of revelation
 R - a scroll of enchant weapon
 T - a scroll of blinking
Potions
 s - 5 potions of berserk rage
 A - 6 potions of curing
 B - a potion of might
 O - 2 potions of ambrosia
 Q - a potion of enlightenment


   Skills:
 * Level 17.6(22.6) Fighting
 + Level 11.8(16.8) Maces & Flails
 + Level 13.1(18.1) Armour
 + Level 9.4(14.4) Dodging
 + Level 12.7(17.7) Shields


You had 14 spell levels left.
You didn't know any spells.
Your spell library contained the following spells:

 Spells                   Type           Power      Damage    Failure   Level
 Kiss of Death            Conj/Necr      0%         2d5       38%         1
 Necrotise                Necr           0%         1d4       38%         1
 Slow                     Hex            0%         N/A       38%         1
 Scorch                   Fire           0%         2d5       52%         2
 Confusing Touch          Hex            0%         N/A       77%         3
 Dazzling Flash           Conj/Hex       0%         N/A       77%         3
 Fugue of the Fallen      Necr           0%         N/A       77%         3
 Ozocubu's Armour         Ice            0%         N/A       77%         3
 Sigil of Binding         Hex            0%         N/A       77%         3
 Stone Arrow              Conj/Erth      0%         3d7       77%         3
 Vampiric Draining        Necr           0%         2d6       77%         3
 Volatile Blastmotes      Fire/Tloc      0%         2d10      77%         3
 Brom's Barrelling Bould  Conj/Erth      0%         2d3       99%         4
 Dispel Undead            Necr           0%         3d6       99%         4
 Flame Wave               Conj/Fire      0%         2d4       99%         4
 Iskenderun's Mystic Bla  Conj/Tloc      0%         2d3       99%         4
 Manifold Assault         Tloc           0%         N/A       99%         4
 Petrify                  Alch/Erth      0%         N/A       99%         4
 Curse of Agony           Necr           0%         N/A       100%        5
 Irradiate                Conj/Alch      0%         3d11      100%        5
 Starburst                Conj/Fire      0%         6d3       100%        6
 Lehudib's Crystal Spear  Conj/Erth      0%         10d2      100%        8
 Maxwell's Capacitive Co  Air            0%         ∞         100%        8
 Sublimation of Blood     Necr           Unusable   N/A       N/A         2
 Animate Armour           Summ/Erth      Unusable   N/A       N/A         4
 Martyr's Knell           Necr/Summ      Unusable   N/A       N/A         4
 Summon Cactus Giant      Summ           Unusable   N/A       N/A         6

Dungeon Overview and Level Annotations

Branches:
Dungeon (13/15)            Temple (1/1) D:6            Lair (5/5) D:9
 Shoals (0/4) Lair:2        Snake (0/4) Lair:3        Slime (0/5) Lair:5
    Orc (2/2) D:11            Elf (0/3) Orc:2       Ossuary (visited)
Gauntlet (visited)
 Vaults: D:13-14

Altars:
Ashenzari
Cheibriados
Dithmenos
Elyvilon
Fedhas
Gozag
Hepliaklqana
Kikubaaqudgha
Makhleb
Nemelex Xobeh
Okawaru
Qazlal
Ru
Sif Muna
Trog
Uskayaw
Vehumet
Wu Jian
Xom
Yredelemnul
Zin
The Shining One

Shops:
D:1 :   D:3 (   D:5 [   D:6 :=[*   D:7 =(   D:8 (   Orc:2 ([=**

Annotations:
D:3 1 runed translucent door, Crazy Yiuf
D:13 3 runed translucent doors, Batatiash's ghost, journeyman MiFi; Kirke
Lair:1 2 transporters
Orc:2 crawlacc's ghost, journeyman GrFi


Innate Abilities, Weirdness & Mutations

You are a filthy swine.
You move quickly.
Your equipment is almost entirely melded.
You are incapable of wielding weapons or throwing items.
You cannot cast spells.
You are immune to sickness and miasma.
((Your stone body is resilient. (AC +11)))
You are immune to poison.
((Your large and strong wings let you fly.))
You resist negative energy. (rN+)
((You are resistant to electric shocks. (rElec)))
You are resistant to unholy torment.
You are immune to petrification.
You are clumsy. (Dex -2)
You are occasionally teleported next to monsters.


Message History

The lindwurm barely misses you.
Unknown command.
Unknown command.
Unknown command.
Unknown command.
You hit Kirke.
Kirke is almost dead.
The sphinx hits you. The sphinx closely misses you.
The sphinx completely misses you. Kirke hits you! The lindwurm misses you. x2
The lindwurm barely misses you.
The sphinx casts a spell.
You struggle to resist.
Unknown command.
Unknown command.
Unknown command.
Unknown command.
You feel much better. Kirke casts a spell at you.
You feel as though you will be slow longer.
The lindwurm misses you. The lindwurm barely misses you.
The lindwurm misses you. The sphinx barely misses you. The sphinx hits you! x2
* * * LOW HITPOINT WARNING * * *
The lindwurm misses you. The lindwurm barely misses you.
The lindwurm closely misses you.
Kirke points at you and mumbles some strange words.
You feel as though you will be slow longer.
Unknown command.
Unknown command.
Unknown command.
Unknown command.
Unknown command.
Unknown command.
Unknown command.
Unknown command.
The sphinx barely misses you. The sphinx hits you!
* * * LOW HITPOINT WARNING * * *
The sphinx hits you!
* * * LOW HITPOINT WARNING * * *
The sphinx hits you!
You die...

#...@ #... #...
#..# ######hh#
......hh######.#
#######k@......#
#.H......#
#h######## #.#
#.# #.#
#.######## ###
#........# #.#
#.######## #.#
#.# #.# #.#


You could see Kirke (invisible), a sphinx (summoned), a lindwurm (summoned) and
4 hogs.

Vanquished Creatures
  Gastronok (D:9)
  An orc warlord (Orc:1)
  Nessos (D:13)
  A minotaur (Gauntlet)
  Snorg (D:11)
  Josephine (D:11)
  2 fire dragons
  9 hydras
  An ogre mage (Orc:2)
  Harold (Orc:1)
  2 centaur warriors
  A catoblepas (D:13)
  2 boulder beetles
  6 death yaks (Lair:5)
  10 two-headed ogres
  2 orc high priests (Orc:1)
  2 tengu warriors (D:13)
  A skeletal warrior (D:12)
  Nergalle (D:11)
  Sonja (Lair:5)
  A lindwurm (Lair:5)
  5 orc knights
  A deep elf pyromancer (D:12)
  2 orc sorcerers
  3 cyclopes
  3 ugly things
  A large abomination (Gauntlet)
  3 manticores
  5 elephants (Lair:5)
  An apocalypse crab (Gauntlet)
  An ice statue (Gauntlet)
  5 black mambas
  3 cane toads
  An unseen horror (D:11)
  12 rime drakes
  7 komodo dragons
  A yaktaur (D:12)
  2 polar bears
  7 trolls
  A wind drake (Lair:2)
  15 blink frogs
  3 hornets
  Grinder (D:3)
  7 dream sheep (Lair:5)
  8 slime creatures
  Sigmund (D:3)
  Eustachio (D:5)
  4 shadows
  2 neqoxecs (Orc:2)
  4 wraiths (D:11)
  6 basilisks
  3 hogs (D:13)
  5 wyverns
  2 wargs (Orc:2)
  Grum (D:8)
  3 vampire mosquitoes (D:10)
  17 steam dragons
  43 yaks
  4 nagas (Lair:3)
  A swamp drake (D:11)
  16 water moccasins
  29 orc warriors
  A sky beast (D:8)
  An ice beast (D:8)
  2 black bears
  A laughing skull (D:12)
  5 centaurs
  4 small abominations (Gauntlet)
  21 wolves
  A boggart (D:12)
  3 ogres
  2 phantoms
  4 elf zombies (Ossuary)
  3 kobold brigands
  9 bullfrogs
  3 scorpions (D:6)
  12 wights
  12 killer bees
  2 howler monkeys
  2 quasits (Orc:2)
  3 centaur zombies (Ossuary)
  4 hounds
  A jelly (D:7)
  26 orc priests
  5 iguanas
  35 orc wizards
  6 hell rats (Lair:2)
  4 hound zombies (Ossuary)
  2 mummies (Ossuary)
  2 gnolls (D:3)
  6 adders
  A shadow imp (D:6)
  3 white imps
  7 adder zombies (Ossuary)
  3 ribbon worms
  2 dart slugs
  73 orcs
  4 ball pythons
  4 bats
  6 endoplasms
  A giant cockroach (D:4)
  4 goblins
  6 hobgoblins
  4 jackals (D:2)
  18 kobolds
  3 quokkas
  4 frilled lizards
  5 gnoll zombies (Ossuary)
  4 jackal zombies (Ossuary)
  6 kobold zombies (Ossuary)
  4 orc zombies (Ossuary)
  A quokka zombie (D:4)
  3 rats
  A rat zombie (D:4)
637 creatures vanquished.

Vanquished Creatures (others)
  A steam dragon (Lair:5)
  An orc wizard (D:12)
  2 orcs
4 creatures vanquished.

Grand Total: 641 creatures vanquished

Notes
Turn   | Place    | Note
-------+----------+-------------------------------------------
     0 | D:1      | shadizar the Gargoyle Fighter began the quest for the Orb.
     0 | D:1      | Reached XP level 1. HP: 14/14 MP: 1/1
   173 | D:1      | Reached XP level 2. HP: 12/19 MP: 2/2
   398 | D:1      | Found Nedoax's Book Shop.
   880 | D:2      | Reached XP level 3. HP: 13/23 MP: 3/3
  1099 | D:2      | Identified the +2 scale mail "Famnaik" {Int+4}
  1561 | D:3      | Noticed Sigmund
  1568 | D:3      | Killed Sigmund
  1569 | D:3      | Reached skill level 4 in Fighting
  1569 | D:3      | Reached skill level 1 in Dodging
  1569 | D:3      | Reached XP level 4. HP: 19/30 MP: 4/4
  1569 | D:3      | Reached XP level 5. HP: 22/34 MP: 5/5
  1743 | D:3      | Found Faots's Weapon Boutique.
  1809 | D:3      | Noticed Grinder
  1809 | D:3      | Paralysed by Grinder for 4 turns
  1824 | D:3      | Paralysed by Grinder for 5 turns
  1841 | D:3      | Paralysed by Grinder for 3 turns
  1847 | D:3      | Paralysed by Grinder for 2 turns
  1849 | D:3      | Killed Grinder
  1850 | D:3      | Reached skill level 5 in Fighting
  1850 | D:3      | Reached XP level 6. HP: 25/40 MP: 6/6
  1949 | D:3      | Found a faded altar of an unknown god.
  2239 | D:3      | Reached XP level 7. HP: 44/44 MP: 7/7
  2341 | D:3      | Found a runed translucent door.
  2342 | D:3      | Noticed Crazy Yiuf
  2946 | D:4      | Reached skill level 6 in Fighting
  2946 | D:4      | Reached skill level 5 in Armour
  2946 | D:4      | Reached skill level 5 in Shields
  2961 | D:4      | Found a sand-covered staircase.
  3004 | Ossuary  | Entered an ossuary
  3282 | Ossuary  | Reached XP level 8. HP: 50/52 MP: 8/8
  3430 | Ossuary  | Reached skill level 7 in Fighting
  4068 | D:4      | Identified a scroll of acquirement
  4068 | D:4      | Acquired the ring of Xumaz {Fly rC+ MP+9 Str+3}
  4105 | D:5      | Entered Level 5 of the Dungeon
  4183 | D:5      | Found a sacrificial altar of Ru.
  4510 | D:5      | Found Kodoluev's Armour Shoppe.
  4518 | D:5      | Bought a +0 pair of boots for 54 gold pieces
  4582 | D:5      | Found a glowing golden altar of the Shining One.
  4682 | D:5      | Noticed Eustachio
  4706 | D:5      | Killed Eustachio
  4839 | D:5      | Reached skill level 5 in Maces & Flails
  4839 | D:5      | Reached XP level 9. HP: 54/58 MP: 9/9
  4855 | D:5      | Reached skill level 8 in Fighting
  4937 | D:5      | Found a glowing silver altar of Zin.
  5328 | D:6      | Found a staircase to the Ecumenical Temple.
  5477 | D:6      | Reached skill level 9 in Fighting
  5594 | D:6      | Found Maqano Biana's Jewellery Shoppe.
  5597 | D:6      | Found Jamuzuy's Book Shoppe.
  5598 | D:6      | Found Luho's General Store.
  5601 | D:6      | Found Jymoit's Armour Shoppe.
  5863 | Temple   | Entered the Ecumenical Temple
  5871 | Temple   | Became a worshipper of Warmaster Okawaru
  5955 | D:7      | Found Urphupe's Weapon Boutique.
  5973 | D:7      | Reached XP level 10. HP: 63/66 MP: 10/10
  6057 | D:7      | Found Viwaf's Jewellery Shoppe.
  6156 | D:7      | Found a shadowy altar of Dithmenos.
  6880 | D:8      | Reached * piety under Okawaru
  7137 | D:8      | Noticed Grum
  7154 | D:8      | Killed Grum
  7155 | D:8      | Reached skill level 10 in Fighting
  7636 | D:8      | Found Edofiocosk's Weapon Emporium.
  8254 | D:9      | Noticed a cyclops
  8262 | D:9      | Killed a cyclops
  8287 | D:9      | Found a staircase to the Lair.
  8342 | D:9      | Noticed a two-headed ogre
  8350 | D:9      | Killed a two-headed ogre
  8350 | D:9      | Reached ** piety under Okawaru
  8351 | D:9      | Reached skill level 5 in Dodging
  8612 | D:9      | Noticed Gastronok
  8629 | D:9      | Killed Gastronok
  8629 | D:9      | Reached *** piety under Okawaru
  8630 | D:9      | Reached skill level 11 in Fighting
  8630 | D:9      | Reached XP level 11. HP: 56/74 MP: 11/11
  8913 | Lair:1   | Entered Level 1 of the Lair of Beasts
  9346 | Lair:1   | Identified the +4 rapier of Valuable Assets {drain, rN+
                  | Int+2}
  9402 | Lair:1   | Found a transporter.
  9554 | Lair:1   | Found a transporter.
  9554 | Lair:1   | Noticed a boulder beetle
  9555 | Lair:1   | Noticed a boulder beetle
  9713 | Lair:1   | Reached **** piety under Okawaru
  9725 | Lair:1   | Reached skill level 12 in Fighting
 10372 | Lair:1   | Reached ***** piety under Okawaru
 10390 | Lair:1   | Reached XP level 12. HP: 50/82 MP: 12/12
 11091 | Lair:2   | Found a staircase to the Shoals.
 11229 | Lair:2   | Noticed a five-headed hydra
 11237 | Lair:2   | Killed a five-headed hydra
 11546 | Lair:2   | Received a gift from Okawaru
 11707 | Lair:2   | Noticed a four-headed hydra
 11718 | Lair:2   | Killed a four-headed hydra
 11719 | Lair:2   | Reached skill level 13 in Fighting
 12222 | Lair:3   | Found a staircase to the Snake Pit.
 12426 | Lair:3   | Noticed a boulder beetle
 12458 | Lair:3   | Killed a boulder beetle
 12459 | Lair:3   | Reached skill level 10 in Armour
 12576 | Lair:3   | Noticed a five-headed hydra
 12584 | Lair:3   | Killed a five-headed hydra
 12673 | Lair:3   | Received a gift from Okawaru
 13210 | Lair:3   | Noticed a six-headed hydra
 13219 | Lair:3   | Killed a six-headed hydra
 13312 | Lair:3   | Reached skill level 10 in Shields
 13910 | Lair:4   | Reached XP level 13. HP: 89/89 MP: 13/13
 13945 | Lair:4   | Reached skill level 14 in Fighting
 15032 | Lair:5   | Entered Level 5 of the Lair of Beasts
 15059 | Lair:5   | Received a gift from Okawaru
 15986 | Lair:5   | Found a runed translucent door.
 15993 | Lair:5   | Found a staircase to the Slime Pits.
 16088 | Lair:5   | Noticed Sonja
 16121 | Lair:5   | Received a gift from Okawaru
 16201 | Lair:5   | Reached skill level 15 in Fighting
 16210 | Lair:5   | Reached skill level 10 in Maces & Flails
 16522 | Lair:5   | Noticed a fire dragon
 16536 | Lair:5   | Killed a fire dragon
 16703 | Lair:5   | Killed Sonja
 16704 | Lair:5   | Gained mutation: Your large and strong wings let you fly.
                  | [Gargoyle growth]
 16704 | Lair:5   | Reached XP level 14. HP: 75/98 MP: 14/14
 16960 | Lair:5   | Identified the +9 scimitar of Discord {venom, Str+5 Int+2}
 17581 | D:10     | Entered Level 10 of the Dungeon
 17723 | D:10     | Identified the +2 hand axe "Ihinah" {flame, rN++ Str+4}
 17760 | D:10     | Identified the serpent talisman of the Pit {*Corrode rF+
                  | Will+ Str+3}
 17891 | D:10     | Identified the +7 dagger "Qahifr Aculo" {spect, rF- Str+3
                  | Dex+2}
 18069 | D:11     | Found a gate leading to a gauntlet.
 18124 | Gauntlet | Entered a Gauntlet
 18124 | Gauntlet | Found a transporter.
 18137 | Gauntlet | Found a transporter.
 18152 | Gauntlet | Found a transporter.
 18152 | Gauntlet | Found a transporter.
 18154 | Gauntlet | Found a transporter.
 18156 | Gauntlet | Found a large runed translucent door.
 18156 | Gauntlet | Found a large runed translucent door.
 18157 | Gauntlet | Found a large runed translucent door.
 18157 | Gauntlet | Found a large runed translucent door.
 18215 | Gauntlet | Found a transporter.
 18217 | Gauntlet | Found a transporter.
 18233 | Gauntlet | Found a transporter.
 18295 | Gauntlet | Found a transporter.
 18357 | Gauntlet | Found a transporter.
 18431 | Gauntlet | Reached skill level 16 in Fighting
 18434 | Gauntlet | Got Fixze's Advanced Guide to Witchcraft
 18438 | Gauntlet | Found a large runed translucent door.
 18438 | Gauntlet | Found a large runed translucent door.
 18438 | Gauntlet | Found a runed translucent door.
 18438 | Gauntlet | Found a runed translucent door.
 18438 | Gauntlet | Found a large runed translucent door.
 18459 | Gauntlet | Found a large runed translucent door.
 18460 | Gauntlet | Found a large runed translucent door.
 18461 | Gauntlet | Found a large runed translucent door.
 18505 | Gauntlet | Identified the amulet of Hoyrghero {Spirit Slay+5 SInv}
 18534 | Gauntlet | Found a transporter.
 18554 | Gauntlet | Found a large runed translucent door.
 18555 | Gauntlet | Found a large runed translucent door.
 18556 | Gauntlet | Found a large runed translucent door.
 18560 | Gauntlet | Found a large runed translucent door.
 18561 | Gauntlet | Found a large runed translucent door.
 18562 | Gauntlet | Found a large runed translucent door.
 18652 | Gauntlet | Found the brooch of Shielding {Spirit SH+8}
 18652 | Gauntlet | Found a transporter.
 18666 | Gauntlet | Identified the +0 hat of the Giraffatuar {rF+}
 18686 | Gauntlet | Found a transporter.
 18688 | Gauntlet | Found a transporter.
 18753 | Gauntlet | Found the +8 longbow "Zephyr" {speed, Dex+3 SInv}
 18767 | Gauntlet | Identified the amulet of Dac Pecaco {Harm *Corrode Regen+
                  | Dex+3}
 18991 | D:11     | Noticed Nergalle
 19000 | D:11     | Killed Nergalle
 19079 | D:11     | Noticed Snorg
 19092 | D:11     | Killed Snorg
 19297 | D:11     | Noticed Josephine
 19323 | D:11     | Killed Josephine
 19448 | D:11     | Found a staircase to the Orcish Mines.
 19697 | D:11     | Found a glowing silver altar of Zin.
 19795 | Orc:1    | Entered Level 1 of the Orcish Mines
 19996 | Orc:1    | Noticed Harold
 20005 | Orc:1    | Killed Harold
 20433 | Orc:2    | Entered Level 2 of the Orcish Mines
 20452 | Orc:2    | Found Ushriut's Overcharged Wands.
 20692 | Orc:2    | Found a transporter.
 20875 | Orc:1    | Received a gift from Okawaru
 20876 | Orc:1    | Reached XP level 15. HP: 32/105 MP: 9/15
 21336 | Orc:1    | Reached skill level 17 in Fighting
 21385 | Orc:2    | Noticed an orc warlord
 21468 | Orc:1    | Killed an orc warlord
 21588 | Orc:2    | Found Leeforay's Antique Armour Emporium.
 21688 | Orc:2    | Found Qyorun's Antique Weapon Emporium.
 21747 | Orc:2    | Found Galol's Jewellery Emporium.
 21775 | Orc:2    | Noticed crawlacc's ghost (journeyman GrFi)
 21788 | Orc:2    | Found a transporter.
 21806 | Orc:2    | Gained mutation: You are occasionally teleported next to
                  | monsters. [a neqoxec]
 22094 | Orc:2    | Found Qudire Daxt's General Store.
 22145 | Orc:2    | Found a staircase to the Elven Halls.
 22814 | Orc:2    | Gained mutation: You are clumsy. (Dex -2) [a neqoxec]
 23950 | D:13     | Noticed Nessos
 23967 | D:13     | Killed Nessos
 24165 | D:13     | Found a runed translucent gate.
 24165 | D:13     | Found a runed translucent gate.
 24165 | D:13     | Found a runed translucent gate.
 24168 | D:13     | Noticed Batatiash's ghost (journeyman MiFi)
 24172 | D:13     | Identified the +1 chain mail of Diovel {rC+}
 24243 | D:13     | Noticed Kirke
 24268 | D:13     | Noticed a sphinx
 24273 | D:13     | Mangled by a sphinx

Illustrated notes

Levels and vault maps discovered:
D:1:      ebering_trefoil_3fold, layout_basic, serial_shops, shop
D:2:      layout_basic
D:3:      layout_basic, serial_shops, nicolae_square_shop,
          dreamdust_ecumenical_altar_statues, uniq_sigmund, uniq_grinder,
          uniq_crazy_yiuf_cottage
D:4:      layout_basic, enter_ossuary_4, minmay_misc_feat_secret_circle,
          grunt_ministairs_11, grunt_decor_junction,
          serial_library_hellmonk_open_cross, kennysheep_generic_room_4
D:5:      layout_cave_pools, hangedman_ru_absence, mainiacjoe_overflow_swirl,
          serial_shops, nicolae_square_shop, uniq_eustachio
D:6:      layout_basic, minmay_temple_entry_grid, minmay_shop_grid_forest
D:7:      layout_rooms, marbit_many_paths, serial_shops, shop,
          nicolae_shop_just_a_little_nook, patterned_corridor
D:8:      layout_layer_cave, serial_shops, shop, uniq_grum
D:9:      layout_roguey, lair_entry_dummy, uniq_gastronok
D:10:     layout_rooms
D:11:     layout_cave_pools, erik_orc_1, gauntlet_entry_generic, zin_treasury,
          uniq_snorg, uniq_josephine, uniq_nergalle
D:12:     layout_long_grid, nicolae_doodle_vault
D:13:     layout_small_grid, biasface_ghost_orc_armoury, minmay_fire_ice_demons,
          uniq_lodul, uniq_kirke, uniq_nessos
Temple:   nicolae_temple_no_exploring_needed
Lair:1:   gammafunk_boulding_lane, layout_layer_cave
Lair:2:   layout_regular_city, minmay_shoals_entry_beasts, grunt_megastairs_1,
          lemuel_fruit_fields
Lair:3:   layout_layer_cave, minmay_snake_entry_guardpost_small
Lair:4:   layout_cellular_growth, wad_woods_river_04
Lair:5:   hangedman_lair_in_review, layout_concentric_octagons, slime_entry_2,
          bobbens_dragon_lair_wall, uniq_sonja
Orc:1:    layout_caves, basic_altar, nicolae_orc_rich_vein, uniq_harold
Orc:2:    grunt_orc_cross, layout_diamond_mine, gammafunk_ghost_stat_death,
          nicolae_shop_overcharged_wands

Skill      XL: |  1  2  3  4  5  6  7  8  9 10 11 12 13 14 15 |
---------------+----------------------------------------------+-----
Fighting       | 4 5 6 7 9 11 12 13 15 16 17 | 17.6
Maces & Flails | 3 4 5 6 7 8 9 10 11 | 11.8
Armour         | 4 5 6 7 8 9 10 11 12 13 | 13.1
Dodging        | 1 2 3 4 5 6 7 8 9 |  9.4
Shields        | 4 5 6 8 9 10 11 12 | 12.7

Action                     |  1- 3 |  4- 6 |  7- 9 | 10-12 | 13-15 || total
---------------------------+-------+-------+-------+-------+-------++-------
  Melee: Flail             |    88 |   101 |   404 |       |       ||   593
         Mace              |       |       |   148 |       |       ||   148
         Morningstar       |       |       |    57 |   686 |  1136 ||  1879
         Unarmed           |       |       |       |       |     2 ||     2
 Invoke: Heroism           |       |       |       |    14 |    41 ||    55
    Use: Scroll            |       |       |    14 |     7 |    11 ||    32
         Potion            |       |       |     1 |     5 |     5 ||    11
   Stab: Petrified         |       |       |       |       |     4 ||     4
 Armour: Scale mail        |    75 |   108 |   545 |    21 |       ||   749
         Chain mail        |       |       |       |   472 |   470 ||   942
         Skin              |       |       |       |       |    33 ||    33
         Plate armour      |       |       |       |       |   338 ||   338
  Dodge: Dodged            |    53 |    48 |   254 |   230 |   395 ||   980
  Block: Buckler           |    13 |    29 |       |       |       ||    42
         Tower shield      |       |    35 |   647 |   817 |  1422 ||  2921

Table legend: (Time is in decaauts)
 A = Elapsed time spent in this place.
 B = Non-inter-level travel time spent in this place.
 C = Inter-level travel time spent in this place.
 D = Time resting spent in this place.
 E = Time spent auto-exploring this place.
 F = Levels seen in this place.
 G = Mean time per level.
                   A        B        C        D        E       F      G
               +--------+--------+--------+--------+--------+-----+--------+
         Total |  24807 |  24000 |    807 |      0 |  16281 |  23 | 1078.6 |
       Dungeon |  11449 |  10900 |    549 |      0 |   7590 |  13 |  880.7 |
        Temple |     15 |     15 |      0 |      0 |      0 |   1 |   15.0 |
          Lair |   8725 |   8498 |    227 |      0 |   6255 |   5 | 1745.0 |
  Orcish Mines |   3220 |   3191 |     29 |      0 |   2090 |   2 | 1610.0 |
       Ossuary |    626 |    626 |      0 |      0 |    197 |   1 |  626.0 |
      Gauntlet |    769 |    769 |      0 |      0 |    149 |   1 |  769.0 |
               +--------+--------+--------+--------+--------+-----+--------+

Top non-repeatable levels by time:
  Lair:5: 2038 daAuts
  Lair:1: 1969 daAuts
   Orc:2: 1856 daAuts
  Lair:3: 1775 daAuts
  Lair:4: 1723 daAuts
   Orc:1: 1363 daAuts
  Lair:2: 1219 daAuts
     D:8: 1202 daAuts
    D:11: 1044 daAuts
     D:3: 1041 daAuts
     D:9: 1016 daAuts
     D:6: 993 daAuts
     D:4: 975 daAuts
     D:7: 938 daAuts
     D:2: 931 daAuts
